 Dungeon Crawl Stone Soup version 0.19.0-2-gae57169 (webtiles) character file.

5250 nikopol the Spear-Bearer (level 10, -10/90 HPs)
             Began as a Minotaur Berserker on Nov 6, 2016.
             Was an Elder of Trog.
             Mangled by an eight-headed hydra (12 damage)
             ... on level 1 of the Lair of Beasts.
             The game lasted 00:22:51 (9918 turns).

nikopol the Spear-Bearer (Minotaur Berserker)       Turns: 9918, Time: 00:22:51

Health: -10/90     AC:  9    Str: 23    XL:     10   Next: 36%
Magic:  9/9        EV: 14    Int:  4    God:    Trog [****..]
Gold:   462        SH:  0    Dex: 12    Spells: 0 memorised, 9 levels left

rFire  . . .     SeeInvis .     a - +0 trident
rCold  + . .     Gourm    .     r - +0 scale mail
rNeg   . . .     Faith    .     (no shield)
rPois  .         Spirit   .     (helmet restricted)
rElec  .         Reflect  .     (no cloak)
rCorr  .         Harm     .     y - +0 pair of gloves
MR     .....                    (no boots)
Stlth  ..........               (no amulet)
                                (no ring)
                                h - ring of protection from cold

@: no status effects
A: retaliatory headbutt, horns 2
a: Berserk, Trog's Hand, Brothers in Arms, Burn Spellbooks, Renounce Religion


You were on level 1 of the Lair of Beasts.
You worshipped Trog.
Trog was greatly pleased with you.
You were not hungry.

You visited 2 branches of the dungeon, and saw 10 of its levels.
You also visited: Ossuary.

You collected 462 gold pieces.

Inventory:

Hand Weapons
 a - a +0 trident (weapon)
 z - a +1 shortbow
Missiles
 i - 175 arrows (quivered)
Armour
 r - a +0 scale mail (worn)
 y - a +0 pair of gloves (worn)
Jewellery
 h - a ring of protection from cold (left hand)
 n - a +1 ring of slaying {unknown}
Wands
 C - a wand of disintegration (24/24)
Scrolls
 b - a scroll of brand weapon {unknown}
 d - 5 scrolls of remove curse
 e - 2 scrolls of identify
 f - a scroll of enchant weapon
 l - a scroll of vulnerability {unknown}
 t - 3 scrolls of amnesia {unknown}
 E - a scroll of magic mapping
 K - 3 scrolls of teleportation {unknown}
 L - 2 scrolls of fog {unknown}
 N - 2 scrolls of immolation {unknown}
 V - 2 scrolls of recharging
 W - a scroll of torment {unknown}
 X - a scroll of silence {unknown}
 Z - 6 scrolls of enchant armour {unknown}
Potions
 g - 3 potions of brilliance
 k - 4 potions of heal wounds
 o - 2 potions of mutation
 p - 13 potions of degeneration
 q - 2 potions of berserk rage
 s - a potion of might
 v - 2 potions of haste
 w - 2 potions of cure mutation
 x - 4 potions of lignification
 A - 2 potions of agility
 B - a potion of resistance {unknown}
 I - a potion of beneficial mutation {unknown}
 M - 7 potions of curing
 O - a potion of flight {unknown}
 R - a potion of ambrosia {unknown}
 U - a potion of magic {unknown}
Comestibles
 c - 9 bread rations
 m - a royal jelly
 u - 5 meat rations
 D - a beef jerky


   Skills:
 + Level 8.8 Fighting
 * Level 10.2 Polearms
 * Level 7.1 Bows
 + Level 8.2 Armour
 + Level 7.6 Dodging


You had 9 spell levels left.
You didn't know any spells.

Dungeon Overview and Level Annotations

Branches:
Dungeon (9/15)             Temple (0/1) D:5            Lair (1/6) D:8
    Orc: D:9-12

Altars:
Ashenzari
Gozag
Qazlal
Vehumet
Xom

Shops:
D:6 *   D:9 =:::

Annotations:
Lair:1 exclusion: oklob plant


Innate Abilities, Weirdness & Mutations

You reflexively headbutt those who attack you in melee.
You have a pair of horns on your head.


Message History

Press: ? - help, Shift-Dir - straight line, f/p - eight-headed hydra
Aim: an eight-headed hydra (severely wounded)
You shoot an arrow. The arrow hits the eight-headed hydra.
The eight-headed hydra is almost dead.
The eight-headed hydra bites you. The eight-headed hydra misses you.
The eight-headed hydra bites you but does no damage.
The eight-headed hydra closely misses you.
The eight-headed hydra bites you. The eight-headed hydra bites you!
The eight-headed hydra barely misses you.
The eight-headed hydra bites you!
* * * LOW HITPOINT WARNING * * *
Wield which item (- for none, * to show all)? (? for menu, Esc to quit)
a - a +0 trident (weapon)
The eight-headed hydra bites you.
* * * LOW HITPOINT WARNING * * *
The eight-headed hydra bites you!
* * * LOW HITPOINT WARNING * * *
The eight-headed hydra bites you but does no damage.
The eight-headed hydra bites you!
You die...

# ####...................... #
####..(...............##..
#..(......#...............
##.#....(#....##.......##. #
#............###......... ####
#......(#.#..####.....?..
.#.######........###..##.........
..###.##..P###.D#.#..............
...........#.#..@...(##.....)....
#.............#......####........
#...####.....#.....#.##..........
..[## #...........#.#...........>
...# ####.......................
...# ##.......................
..## #..###...................
..# ##..# ##...###............
..## ##...# #...# ###..........


You could see an eight-headed hydra.

Vanquished Creatures
  A spiny frog (Lair:1)
  The ghost of hurricos the Slicer, a novice HEAr (D:5)
  A meliai zombie (D:9)
  3 hippogriffs
  Menkaure (D:4)
  Duvessa (D:4)
  2 porcupines (Lair:1)
  2 ice beasts
  4 sky beasts
  4 centaurs
  3 ogres
  2 phantoms
  2 crocodiles (Lair:1)
  A gnoll sergeant (D:8)
  2 bullfrogs (D:6)
  Dowan (D:4)
  8 killer bees
  4 wights
  7 howler monkeys
  A crimson imp (D:8)
  A bullfrog zombie (D:7)
  5 hounds
  2 human zombies (Ossuary)
  An orc wizard (D:8)
  3 orc priests
  A jelly (D:8)
  A centaur skeleton (D:4)
  A gnoll shaman (D:8)
  Jessica (D:3)
  An iguana (D:5)
  5 worker ants
  Ijyb (D:3)
  A big kobold zombie (Ossuary)
  2 hound zombies
  A hound skeleton (D:8)
  6 mummies
  13 gnolls
  10 adders
  2 shadow imps (D:5)
  An ooze (D:2)
  2 adder skeletons
  A worm (D:1)
  6 leopard geckos
  12 orcs
  6 bats
  3 giant cockroaches
  2 gnoll zombies (Ossuary)
  10 goblins
  6 hobgoblins
  9 jackals (D:2)
  6 kobolds
  2 quokkas
  A ball python (D:4)
  5 frilled lizards
  A goblin zombie (D:7)
  4 hobgoblin zombies
  11 rats
197 creatures vanquished.

Notes
Turn   | Place    | Note
-------+----------+-------------------------------------------
     0 | D:1      | nikopol the Minotaur Berserker began the quest for the Orb.
     0 | D:1      | Reached XP level 1. HP: 19/19 MP: 0/0
    74 | D:1      | Reached XP level 2. HP: 27/27 MP: 1/1
   195 | D:1      | Found a shattered altar of Ashenzari.
   681 | D:1      | Reached skill level 4 in Polearms
   689 | D:1      | Reached XP level 3. HP: 31/33 MP: 2/2
   996 | D:2      | Reached XP level 4. HP: 18/40 MP: 3/3
  1112 | D:2      | Reached ** piety under Trog
  1489 | D:3      | Noticed Jessica
  1496 | D:3      | Killed Jessica
  1547 | D:3      | Noticed Ijyb
  1561 | D:3      | Killed Ijyb
  1561 | D:3      | Reached XP level 5. HP: 43/47 MP: 4/4
  2160 | D:4      | Reached skill level 5 in Fighting
  2160 | D:4      | Reached skill level 5 in Polearms
  2289 | D:4      | Noticed Duvessa
  2290 | D:4      | Noticed Dowan
  2301 | D:4      | Killed Duvessa
  2301 | D:4      | Reached XP level 6. HP: 56/56 MP: 5/5
  2315 | D:4      | Killed Dowan
  2832 | D:4      | Noticed Menkaure
  2839 | D:4      | Killed Menkaure
  2839 | D:4      | Reached skill level 6 in Polearms
  2839 | D:4      | Reached XP level 7. HP: 50/62 MP: 6/6
  2905 | D:4      | Found a radiant altar of Vehumet.
  2905 | D:4      | Found a faded altar of an unknown god.
  2910 | D:4      | Found a shimmering altar of Xom.
  2912 | D:4      | Found a faded altar of an unknown god.
  2914 | D:4      | Found a faded altar of an unknown god.
  3406 | D:5      | Entered Level 5 of the Dungeon
  3438 | D:5      | Reached skill level 5 in Armour
  3438 | D:5      | Reached skill level 5 in Dodging
  3490 | D:5      | Noticed hurricos's ghost (novice HEAr)
  3503 | D:5      | Killed hurricos's ghost
  3588 | D:5      | Reached XP level 8. HP: 71/71 MP: 7/7
  3797 | D:5      | Reached *** piety under Trog
  3925 | D:5      | Reached skill level 7 in Polearms
  4015 | D:5      | Found a staircase to the Ecumenical Temple.
  4226 | D:6      | Reached skill level 1 in Bows
  4420 | D:6      | Reached skill level 8 in Polearms
  4478 | D:6      | Found Gulec's General Store.
  4678 | D:7      | Reached XP level 9. HP: 66/79 MP: 8/8
  4690 | D:7      | Found a sand-covered staircase.
  4697 | Ossuary  | Entered an ossuary
  5254 | D:7      | Reached **** piety under Trog
  5286 | D:7      | Found a stormy altar of Qazlal.
  5730 | D:8      | Reached skill level 5 in Bows
  5906 | D:8      | Found a staircase to the Lair.
  6640 | D:8      | Reached skill level 9 in Polearms
  8003 | D:8      | HP: 6/123 [poisoned by a killer bee]
  8292 | D:9      | Reached XP level 10. HP: 83/89 MP: 9/9
  8331 | D:9      | Found Vaha's Book Shop.
  8347 | D:9      | Found Paeg's Book Emporium.
  8574 | D:9      | Found an opulent altar of Gozag.
  8748 | D:9      | Found Ydaqiar's Jewellery Emporium.
  8748 | D:9      | Found Malleac's Book Shop.
  9140 | Lair:1   | Entered Level 1 of the Lair of Beasts
  9259 | Lair:1   | Reached skill level 10 in Polearms
  9275 | Lair:1   | Noticed an oklob plant
  9429 | Lair:1   | Noticed a spiny frog
  9441 | Lair:1   | Killed a spiny frog
  9906 | Lair:1   | Noticed an eight-headed hydra
  9918 | Lair:1   | HP: 2/90 [eight-headed hydra (14)]
  9918 | Lair:1   | Mangled by an eight-headed hydra

Skill      XL: |  1  2  3  4  5  6  7  8  9 10 |
---------------+-------------------------------+-----
Fighting       | 4 5 6 7 8 |  8.8
Polearms       | 4 5 6 8 9 10 | 10.2
Armour         | 3 4 5 6 7 8 |  8.2
Dodging        | 3 4 5 6 7 |  7.6
Bows           | 3 6 7 |  7.1

Action                   |  1- 3 |  4- 6 |  7- 9 | 10-12 || total
-------------------------+-------+-------+-------+-------++-------
Melee: Spear             |    95 |   166 |   354 |    77 ||   692
       Headbutt          |    11 |    27 |    75 |    10 ||   123
       Trident           |       |       |       |    21 ||    21
 Fire: Shortbow          |       |       |   131 |    45 ||   176
Invok: Berserk           |       |     3 |     2 |     1 ||     6
       Trog's Hand       |       |     1 |     1 |       ||     2
       Burn Spellbooks   |       |       |       |     1 ||     1
  Use: Scroll            |       |       |     7 |    10 ||    17
 Stab: Sleeping          |     1 |       |       |       ||     1
  Eat: Chunk             |       |     9 |    18 |     6 ||    33
       Pizza             |       |       |     1 |       ||     1
Armor: Leather armour    |    15 |       |       |       ||    15
       Animal skin       |     1 |       |       |       ||     1
       Scale mail        |    20 |    53 |   103 |    35 ||   211
Dodge: Dodged            |    53 |    68 |   243 |    59 ||   423
